 Dungeon Crawl Stone Soup version 0.30.1-3-gfc49f6343a (webtiles) character file.

Game seed: 5385164036528070120

2186 spardeous the Destroyer (level 8, -2/57 HPs)
             Began as a Demigod Conjurer on Aug 4, 2023.
             Slain by an ice beast (12 damage)
             ... on level 7 of the Dungeon.
             The game lasted 00:08:12 (7483 turns).

spardeous the Destroyer (Demigod Conjurer)          Turns: 7483, Time: 00:08:13

Health: -2/57      AC:  7    Str:  8    XL:     8   Next: 87%
Magic:  10/23      EV:  9    Int: 28    God:
Gold:   308        SH:  3    Dex: 12    Spells: 10/21 levels left

rFire   . . .        q - +5 short sword (speed)
rCold   . . .        z - +0 buckler
rNeg    . . .        o - +0 ring mail
rPois   .            v - +1 hat
rElec   .            f - +0 cloak
rCorr   .            (no gloves)
SInv    .            (no boots)
Will    .....        j - amulet of regeneration
Stlth   +            (no ring)
HPRegen 1.09/turn    (no ring)
MPRegen 0.18/turn

%: no passive effects
@: no status effects
A: high MP 1, forlorn, divine attributes
a: no special abilities


You were on level 7 of the Dungeon.
You visited 1 branch of the dungeon, and saw 7 of its levels.

You collected 308 gold pieces.

Inventory:

Hand Weapons
 q - a +5 short sword of speed (weapon)
Armour
 a - a +0 robe
 f - a +0 cloak (worn)
 o - a +0 ring mail (worn)
 v - a +1 hat (worn)
 y - a +0 helmet
 z - a +0 buckler (worn)
Magical Staves
 t - a staff of earth
Jewellery
 j - an amulet of regeneration (around neck)
 G - a ring of fire
Wands
 p - a wand of paralysis (7)
 s - a wand of digging (2)
 A - a wand of iceblast (12)
 F - a wand of polymorph (5)
Scrolls
 c - 6 scrolls of teleportation {unknown}
 d - a scroll of poison {unknown}
 g - 6 scrolls of identify {unknown}
 i - a scroll of fear {unknown}
 k - a scroll of blinking {unknown}
 n - a scroll of noise {unknown}
 r - a scroll of brand weapon {unknown}
 x - a scroll of silence {unknown}
 B - 4 scrolls of immolation {unknown}
 C - a scroll of enchant weapon {unknown}
 D - a scroll of enchant armour {unknown}
Potions
 b - 4 potions of magic
 e - 4 potions of degeneration {unknown}
 h - a potion of might {unknown}
 l - 5 potions of curing
 m - 4 potions of mutation {unknown}
 u - 2 potions of heal wounds {unknown}
 w - a potion of haste {unknown}
 E - a potion of brilliance {unknown}


   Skills:
 - Level 1.7 Dodging
 - Level 1.7 Stealth
 + Level 7.4 Spellcasting
 + Level 8.7 Conjurations


You had 10 spell levels left.
You knew the following spells:

 Your Spells              Type           Power      Damage    Failure   Level
a - Magic Dart            Conj           100%       1d8       1%          1
b - Searing Ray           Conj           100%       2d8       1%          2
c - Iskenderun's Mystic   Conj/Tloc      34%        2d8       41%         4
d - Necrotise             Necr           40%        1d6       26%         1
e - Spider Form           Tmut/Pois      10%        N/A       63%         3

Your spell library contained the following spells:

 Spells                   Type           Power      Damage    Failure   Level
 Dazzling Flash           Conj/Hex       68%        N/A       14%         3
 Apportation              Tloc           20%        N/A       26%         1
 Summon Small Mammal      Summ           40%        N/A       26%         1
 Ensorcelled Hibernation  Hex/Ice        20%        N/A       38%         2
 Fulminant Prism          Conj/Hex       17%        3d10      41%         4
 Call Canine Familiar     Summ           10%        N/A       63%         3
 Summon Guardian Golem    Hex/Summ       10%        N/A       63%         3
 Volatile Blastmotes      Fire/Tloc      20%        2d11      63%         3
 Anguish                  Hex/Necr       5%         N/A       95%         4
 Lee's Rapid Deconstruct  Erth           5%         3d6*      100%        5
 Summon Forest            Summ/Tloc      5%         N/A       100%        5
 Eringya's Noxious Bog    Tmut/Pois      5%         N/A       100%        6
 Summon Hydra             Summ           5%         N/A       100%        7


Dungeon Overview and Level Annotations

Branches:
Dungeon (7/15)             Temple (0/1) D:6

Annotations:
D:3 1 runed translucent door, Crazy Yiuf
D:6 3 runed translucent doors, superradish's ghost, novice KoBr
D:7 Dowan; Duvessa


Innate Abilities, Weirdness & Mutations

You have an increased reservoir of magic. (+10% MP)
You shall have no god before yourself.
Your divine heritage dramatically boosts your attributes as you level up.


Message History

Duvessa hits you but does no damage.
Dowan hits you with a +2 dagger of protection.
You take 5 damage, and have 26/57 hp.
You now have 12/23 mp.
The searing ray hits Duvessa but does no damage.
Duvessa is severely wounded.
Duvessa hits you with a +2 short sword of protection!
* * * LOW HITPOINT WARNING * * *
Dowan hits you with a +2 dagger of protection.
* * * LOW HITPOINT WARNING * * *
You take 13 damage, and have 13/57 hp.
MASSIVE DAMAGE!!
You now have 11/23 mp.
The searing ray hits Duvessa but does no damage.
Duvessa is severely wounded.
Duvessa hits you but does no damage. Dowan gestures at you while chanting.
The puff of flame misses you.
You now have 10/23 mp.
The searing ray hits Duvessa but does no damage.
Duvessa is severely wounded.
You finish channelling your searing ray.
Duvessa hits you with a +2 short sword of protection!
* * * LOW HITPOINT WARNING * * *
You block Dowan's attack.
You take 9 damage, and have 5/57 hp.
You now have 9/23 mp.
It was a potion of curing.
You feel better.
Duvessa hits you with a +2 short sword of protection.
* * * LOW HITPOINT WARNING * * *
Dowan hits you but does no damage.
You regained 7 hp, and now have 12/57 hp.
Duvessa hits you with a +2 short sword of protection!
* * * LOW HITPOINT WARNING * * *
You block Dowan's attack.
You take 7 damage, and have 6/57 hp.
You feel better. Duvessa barely misses you.
Dowan hits you with a +2 dagger of protection.
* * * LOW HITPOINT WARNING * * *
You regained 5 hp, and now have 11/57 hp.
The ice beast attacks as you move away! The ice beast hits you.
* * * LOW HITPOINT WARNING * * *
The ice beast freezes you!
You die...

##..†≈§≈.≈≈≈.≈.##
#....≈.≈.._≈.≈..#
#....≈.≈≈≈≈≈.≈..#
#....≈.......≈..#
#....≈≈≈≈≈≈≈≈≈..#
#...............#
#.............!.#
#.........Ye...##
#.........e@...#
#.####..............#
#.....##########.##.#
#####.# #....#.# .#
#.# #....#.# # #.##
#....#.# #..##
#....#.#
##..###....#.#
##...#....#.#


You could see Duvessa, an ice beast and Dowan.

Vanquished Creatures
  Grinder (D:5)
  A wyvern (D:7)
  A water moccasin (D:5)
  An ice beast (D:6)
  3 black bears
  2 ogres
  A phantom (D:4)
  2 bullfrogs
  A gnoll sergeant (D:5)
  A necrophage (D:6)
  A scorpion (D:5)
  A howler monkey (D:5)
  2 hounds
  4 jellies
  4 orc priests
  A sleepcap (D:6)
  3 iguanas
  A hound skeleton (D:6)
  Robin (D:4)
  12 gnolls
  7 adders
  A shadow imp (D:3)
  2 white imps
  An ufetubus (D:5)
  3 worms
  A dart slug (D:1)
  19 orcs
  8 ball pythons
  3 bats
  11 endoplasms
  5 giant cockroaches
  16 goblins
  14 hobgoblins
  5 jackals (D:2)
  11 kobolds
  6 quokkas
  4 frilled lizards
  5 rats
166 creatures vanquished.

Notes
Turn   | Place    | Note
-------+----------+-------------------------------------------
     0 | D:1      | spardeous the Demigod Conjurer began the quest for the Orb.
     0 | D:1      | Reached XP level 1. HP: 14/14 MP: 5/5
   302 | D:1      | Reached XP level 2. HP: 20/20 MP: 0/7
   602 | D:1      | You fall into a shaft and drop 1 floor!
   613 | D:2      | Reached skill level 4 in Conjurations
   843 | D:2      | Reached XP level 3. HP: 26/26 MP: 7/9
  1450 | D:1      | Learned a level 2 spell: Searing Ray
  2193 | D:2      | Reached XP level 4. HP: 33/33 MP: 8/11
  2707 | D:3      | Learned a level 4 spell: Iskenderun's Mystic Blast
  3277 | D:3      | Reached XP level 5. HP: 38/38 MP: 10/13
  3515 | D:3      | Found a runed translucent door.
  3516 | D:3      | Noticed Crazy Yiuf
  3620 | D:3      | Reached skill level 5 in Conjurations
  4117 | D:4      | Reached XP level 6. HP: 45/45 MP: 8/15
  4458 | D:4      | Noticed Robin
  4487 | D:4      | Killed Robin
  4488 | D:4      | Reached skill level 6 in Conjurations
  4760 | D:5      | Entered Level 5 of the Dungeon
  4807 | D:5      | Reached XP level 7. HP: 50/50 MP: 8/17
  4811 | D:5      | Reached skill level 5 in Spellcasting
  4999 | D:5      | Noticed Grinder
  5007 | D:5      | Killed Grinder
  5216 | D:5      | Reached skill level 7 in Conjurations
  5329 | D:5      | Reached XP level 8. HP: 34/57 MP: 11/20
  5972 | D:6      | Found a staircase to the Ecumenical Temple.
  6282 | D:6      | Reached skill level 8 in Conjurations
  6711 | D:6      | Found a runed translucent gate.
  6711 | D:6      | Found a runed translucent gate.
  6712 | D:6      | Found a runed translucent gate.
  6712 | D:6      | Noticed superradish's ghost (novice KoBr)
  7265 | D:7      | Learned a level 1 spell: Necrotise
  7269 | D:7      | Learned a level 3 spell: Spider Form
  7464 | D:7      | Noticed Duvessa
  7465 | D:7      | Noticed Dowan
  7483 | D:7      | Slain by an ice beast

Illustrated notes

Levels and vault maps discovered:
D:1:      nzn_arrival_settlement, layout_loops_ring, st_stairs_5, hex_large,
          hangedman_glass_teeth
D:2:      layout_loops_ring, hellmonk_ecumenical_altar_dog_temple,
          minmay_misc_feat_four_crosses, nrook_uturn, hangedman_feature_mirror
D:3:      layout_loops_ring, mainiacjoe_overflow_tiny_flanked,
          mainiacjoe_overflow_alcove_4, minivault_23, minmay_misc_feat_chi,
          uniq_crazy_yiuf_cottage
D:4:      layout_gridville, uniq_robin
D:5:      wander_river, layout_basic, amethyst_overflow_temple_binary,
          minmay_door_square, uniq_grinder
D:6:      layout_basic, makhleb_blood_cavern_becter,
          minmay_temple_entry_sparse_star, gammafunk_ghost_nasty_kobolds,
          dk_noncrumbling_3
D:7:      layout_basic, mainiacjoe_overflow_catwalk_spiral, zin_treasury,
          uniq_duvessa

Skill      XL: |  1  2  3  4  5  6  7  8 |
---------------+-------------------------+-----
Spellcasting   | 2 3 4 6 7 |  7.4
Conjurations   | 4 5 6 7 8 |  8.7
Dodging        | |  1.7
Stealth        | |  1.7

Action                     |  1- 3 |  4- 6 |  7- 9 || total
---------------------------+-------+-------+-------++-------
  Melee: Unarmed           |     1 |       |       ||     1
         Short sword       |       |       |     4 ||     4
   Cast: Magic Dart        |   102 |    94 |    76 ||   272
         Searing Ray       |     1 |    20 |    31 ||    52
    Use: Potion            |       |       |     2 ||     2
 Armour: Robe              |     8 |       |       ||     8
         Ring mail         |       |    30 |    24 ||    54
  Dodge: Dodged            |    21 |    34 |    26 ||    81
  Block: Buckler           |       |       |     9 ||     9
